 Dungeon Crawl Stone Soup version 0.25-a0-876-gadf69d5 (webtiles) character file.

Game seed: 3326709748295324001, levelgen mode: deterministic

108803 Atlas the Gelid (level 16, -1/97 HPs)
             Began as an Octopode Ice Elementalist on May 1, 2020.
             Was the Champion of Vehumet.
             Succumbed to a +0 trident of venom's poison
             ... on level 1 of the Elven Halls on May 2, 2020.
             The game lasted 01:11:34 (33349 turns).

Atlas the Gelid (Octopode Ice Elementalist)        Turns: 33349, Time: 01:11:35

Health: -1/97      AC:  6    Str:  7    XL:     16   Next: 50%
Magic:  24/54      EV: 17    Int: 22    God:    Vehumet [******]
Gold:   240        SH:  7    Dex: 15    Spells: 19/48 levels left

rFire    + . .     SeeInvis .   t - staff of cold
rCold    + + .     Gourm    .   R - +2 buckler
rNeg     + . .     Faith    .   (helmet restricted)
rPois    +         Spirit   .   (no amulet)
rElec    .         Reflect  .   l - ring of magical power
rCorr    .         Harm     .   y - ring of protection from cold
MR       ++...                  G - ring of magical power
Stlth    +++++.....             w - ring of poison resistance
HPRegen  0.26/turn              S - ring of positive energy
MPRegen  0.34/turn              W - +5 ring of protection
                                C - ring of protection from magic
                                v - ring of protection from fire

@: lethally poisoned (-1 -> -22), very slightly contaminated
A: almost no armour, stealthy swim, amphibious, 8 rings, constrict 8, camouflage
1, gelatinous body 1
a: Renounce Religion


You were on level 1 of the Elven Halls.
You worshipped Vehumet.
Vehumet was exalted by your worship.
You were hungry.

You visited 4 branches of the dungeon, and saw 24 of its levels.

You collected 2532 gold pieces.
You spent 2292 gold pieces at shops.

Inventory:

Hand Weapons
 j - a +1 short sword of electrocution
Missiles
 X - 5 curare-tipped darts (quivered)
Armour
 R - a +2 buckler (worn)
Magical Staves
 t - an uncursed staff of cold (weapon)
Jewellery
 d - an uncursed ring of stealth
 l - a ring of magical power (left tentacle)
 v - a ring of protection from fire (on tentacle)
 w - a ring of poison resistance (on tentacle)
 y - a ring of protection from cold (right tentacle)
 C - a ring of protection from magic (on tentacle)
 G - a ring of magical power (on tentacle)
 S - a ring of positive energy (on tentacle)
 W - a +5 ring of protection (on tentacle)
 Y - an uncursed amulet of guardian spirit {unknown}
Wands
 x - a wand of paralysis (19)
 F - a wand of clouds (14)
 I - a wand of digging (3)
 J - a wand of iceblast (11)
 M - a wand of flame (17)
 O - a wand of disintegration (15)
 U - a wand of acid (9)
Scrolls
 a - a scroll of magic mapping
 c - 9 scrolls of teleportation
 f - 9 scrolls of amnesia
 h - 3 scrolls of blinking
 i - 3 scrolls of fear
 k - 16 scrolls of remove curse
 n - 5 scrolls of enchant weapon
 u - 3 scrolls of summoning
 E - 3 scrolls of brand weapon
 H - a scroll of holy word
 L - a scroll of fog {unknown}
 N - 2 scrolls of enchant armour
 Z - a scroll of vulnerability
Potions
 e - 3 potions of might
 g - 6 potions of stabbing
 m - 3 potions of flight
 o - 4 potions of heal wounds
 p - 10 potions of curing
 q - 2 potions of cancellation
 r - a potion of invisibility {unknown}
 s - 4 potions of mutation {unknown}
 z - 2 potions of berserk rage {unknown}
 A - 4 potions of brilliance
 B - 3 potions of haste
 P - 2 potions of magic {unknown}
 T - 3 potions of lignification {unknown}
 V - 2 potions of resistance
Miscellaneous
 K - 2 phantom mirrors
 Q - a lightning rod (4/4)
Comestibles
 b - 40 rations
 D - 6 chunks of flesh


   Skills:
 * Level 4.6 Fighting
 + Level 3.9 Short Blades
 + Level 3.0 Staves
 * Level 6.1 Dodging
 + Level 8.4 Stealth
 - Level 4.0 Shields
 + Level 0.1 Unarmed Combat
 + Level 16.8 Spellcasting
 + Level 0.2 Conjurations
 + Level 2.6 Charms
 + Level 5.3 Summonings
 + Level 17.4 Ice Magic
 + Level 0.5 Evocations


You had 19 spell levels left.
You knew the following spells:

 Your Spells              Type           Power        Failure   Level  Hunger
a - Freeze                Ice            ####         0%          1    None
b - Frozen Ramparts       Ice            ######       0%          3    None
c - Ozocubu's Armour      Chrm/Ice       #######.     1%          3    None
d - Summon Ice Beast      Ice/Summ       #######.     1%          4    None
e - Ozocubu's Refrigerat  Ice            #######...   1%          6    ####...
f - Orb of Destruction    Conj           ###.......   99%         7    ######.
g - Bolt of Magma         Conj/Fire/Erth ###.......   21%         5    ##.....

Your spell library contained the following spells:

 Spells                   Type           Power        Failure   Level  Hunger
 Infusion                 Chrm           ####         1%          1    None
 Hailstorm                Conj/Ice       ######..     1%          4    None
 Ice Form                 Ice/Tmut       ######..     1%          4    None
 Shroud of Golubria       Chrm/Tloc      ###...       2%          2    None
 Swiftness                Chrm/Air       ###.....     2%          2    None
 Ignite Poison            Fire/Tmut/Pois ###.....     2%          3    None
 Mephitic Cloud           Conj/Pois/Air  ###.....     2%          3    None
 Sting                    Tmut/Pois      ###.         3%          1    None
 Poisonous Vapours        Pois/Air       ###...       4%          2    None
 Olgreb's Toxic Radiance  Pois           ###.....     9%          4    None
 Simulacrum               Ice/Necr       ######....   13%         6    ####...
 Summon Forest            Summ/Tloc      ####......   28%         5    ##.....
 Summon Mana Viper        Hex/Summ       ####....     28%         5    ##.....
 Excruciating Wounds      Chrm/Necr      ###.......   43%         5    ##.....


Dungeon Overview and Level Annotations

Branches:
Dungeon (15/15)            Temple (0/1) D:5            Lair (6/6) D:9
 Shoals (0/4) Lair:3       Spider (0/4) Lair:2        Slime (0/5) Lair:6
    Orc (2/2) D:12            Elf (1/3) Orc:2        Vaults (0/5) D:13
 Depths (0/5) D:15

Altars:
Cheibriados
Fedhas
Gozag
Hepliaklqana
Kikubaaqudgha
Makhleb
Nemelex Xobeh
Okawaru
Sif Muna
Trog
Uskayaw
Vehumet
Yredelemnul
The Shining One
Jiyva

Shops:
D:7 *:!   D:8 [   D:15 *   Orc:1 *   Orc:2 [=!*

Portals:
Trove: D:13 (give 7 scrolls of blinking)

Annotations:
D:4 1 runed translucent door, Crazy Yiuf
D:15 Roxanne


Innate Abilities, Weirdness & Mutations

You cannot wear most types of armour.
You are very stealthy in the water. (Stealth+)
You are amphibious.
You can wear up to eight rings at the same time.
You can use your tentacles to constrict eight enemies at once.
Your skin changes colour to match your surroundings (Stealth+).
Your rubbery body absorbs attacks. (AC +1, EV +1)


Message History

As you read the scroll of blinking, it crumbles to dust.
* * * LOW HITPOINT WARNING * * *
You feel very sick.
You close the door.
* * * LOW HITPOINT WARNING * * *
You feel very sick.
You cannot drink potions in your current state!
There is a lethal amount of poison in your body!
There is a lethal amount of poison in your body!
* * * LOW HITPOINT WARNING * * *
You feel sick.
* * * LOW HITPOINT WARNING * * *
You feel very sick.
* * * LOW HITPOINT WARNING * * *
You feel sick.
You cannot drink potions in your current state!
Okay, then.
You cannot drink potions in your current state!
You can drink potions again.
You die...

..#..
#................
))#).#
##............#..
)).$#
##...........##.
#..##
#'####..##...#+
#..)## #.#
#......... . #....##
#.# #..≈≈≈≈≈..
##.####...).## ###.#
#≈≈≈≈≈≈≈≈≈
....)....()..###...#
#≈≈≈)≈≈≈≈≈
.......))†)..(+@.###
#≈≈≈≈)≈≈≈≈
........)....#####
#..≈≈≈≈≈..
............##
#.........
...........##
#....<....
############
##.......# ##.....##
#######


There were no monsters in sight!

Vanquished Creatures
  An orc warlord (Orc:1)
  Louise (D:14)
  3 dire elephants (Lair:6)
  2 deep elf death magi (Elf:1)
  Josephine (Lair:6)
  8 hydras
  3 vault guards (D:13)
  A centaur warrior (D:14)
  2 catoblepae
  An anaconda (Lair:6)
  9 death yaks
  6 orc high priests (Orc:2)
  2 dancing weapons (Elf:1)
  2 tengu warriors (D:13)
  Urug (Lair:5)
  Sonja (Lair:3)
  2 deep elf knights (Elf:1)
  6 unseen horrors
  19 deep elf magi
  4 deep elf archers (Elf:1)
  2 necromancers (D:13)
  10 orc knights
  2 cyclopes
  An orc sorcerer (D:15)
  10 elephants
  2 manticores
  10 ugly things
  2 black mambas (Lair:6)
  4 spiny frogs
  2 gargoyles
  A yaktaur (D:13)
  6 komodo dragons
  An efreet (D:13)
  A freezing wraith (D:13)
  4 kobold demonologists
  2 trolls
  A polar bear (Lair:6)
  A wind drake (shapeshifter) (Elf:1)
  4 jumping spiders (Lair:2)
  17 blink frogs
  5 slime creatures (D:14)
  2 hornets
  8 hippogriffs
  17 dream sheep (Lair:6)
  2 air elementals (Elf:1)
  3 shadows
  Sigmund (D:3)
  6 wraiths
  2 redbacks (Lair:2)
  3 wyverns
  A basilisk (Lair:2)
  3 fire elementals
  2 yaks (shapeshifter)
  19 humans
  42 yaks
  3 hogs (D:7)
  A steam dragon (shapeshifter) (Elf:1)
  Edmund (D:5)
  4 wargs
  2 acid dragons (D:15)
  18 water moccasins
  7 porcupines
  A nameless horror (D:6)
  31 orc warriors
  3 eyes of draining
  2 ice beasts
  3 black bears
  3 sky beasts
  7 ogres
  6 wolves
  15 centaurs
  11 crocodiles
  5 big kobolds
  17 bullfrogs
  4 scorpions
  6 killer bees (D:13)
  2 wights (D:11)
  3 electric eels
  6 howler monkeys
  4 crimson imps
  2 bullfrog skeletons
  A bullfrog zombie (D:12)
  10 hounds
  A quasit (D:11)
  A centaur zombie (D:5)
  2 centaur skeletons
  4 jellies
  39 orc priests
  31 orc wizards
  4 iguanas
  9 worker ants
  A howler monkey zombie (D:6)
  17 adders
  A howler monkey skeleton (D:7)
  7 shadow imps
  An ooze (D:3)
  3 adder skeletons
  3 adder zombies
  3 worms
  A dart slug (D:1)
  2 leopard geckos
  114 orcs
  8 bats
  4 giant cockroaches
  7 goblins
  3 hobgoblins
  20 jackals
  22 kobolds
  7 quokkas
  2 ball pythons
  6 frilled lizards
  A jackal zombie (D:9)
  A leopard gecko skeleton (D:6)
  A quokka skeleton (D:9)
  14 rats
  A spectral orc (D:8)
  A bush (Lair:4)
  A crawling corpse (Elf:1)
  53 fungi
  67 plants
915 creatures vanquished.

Vanquished Creatures (collateral kills)
  2 hydras
  4 two-headed ogres
  5 ugly things
  A cyclops (D:11)
  A manticore (D:11)
  Maggie (D:6)
  A troll (D:14)
  A hippogriff (D:12)
  A shadow (D:13)
  A wyvern (D:11)
  A vampire (D:11)
  A human (D:13)
  A hungry ghost (D:13)
  2 basilisks
  A phantom (D:12)
  An ice beast (D:11)
  A sky beast (D:11)
  An ogre (D:9)
  2 centaurs
  A big kobold (D:11)
  An earth elemental (Elf:1)
  A wyvern skeleton (D:8)
  2 wights (D:11)
  An electric eel (D:9)
  A centaur zombie (D:8)
  An orc wizard (D:11)
  A bullfrog skeleton (D:11)
  2 centaur skeletons
  A killer bee zombie (D:6)
41 creatures vanquished.

Vanquished Creatures (others)
  10 fungi
  17 plants
27 creatures vanquished.

Grand Total: 983 creatures vanquished

Notes
Turn   | Place    | Note
-------+----------+-------------------------------------------
     0 | D:1      | Atlas the Octopode Ice Elementalist began the quest for the
                  | Orb.
     0 | D:1      | Reached XP level 1. HP: 11/11 MP: 3/3
   218 | D:1      | Reached XP level 2. HP: 7/17 MP: 0/5
   963 | D:1      | Reached XP level 3. HP: 21/21 MP: 2/6
   991 | D:1      | Learned a level 3 spell: Frozen Ramparts
  1337 | D:2      | Found an iron altar of Okawaru.
  1371 | D:2      | Found a burning altar of Makhleb.
  1611 | D:2      | Reached XP level 4. HP: 26/27 MP: 2/8
  2366 | D:3      | Found a bloodstained altar of Trog.
  2371 | D:3      | Found a hazy altar of Hepliaklqana.
  2373 | D:3      | Reached skill level 5 in Ice Magic
  2376 | D:3      | Found an ancient bone altar of Kikubaaqudgha.
  2450 | D:3      | Noticed Sigmund
  2487 | D:3      | Killed Sigmund
  2487 | D:3      | Reached skill level 1 in Fighting
  2487 | D:3      | Reached skill level 1 in Short Blades
  2487 | D:3      | Reached XP level 5. HP: 13/33 MP: 2/10
  2487 | D:3      | Reached XP level 6. HP: 15/38 MP: 2/11
  2719 | D:3      | Found a faded altar of an unknown god.
  2894 | D:3      | HP: 1/38 [poisoned by an adder]
  3409 | D:3      | Reached XP level 7. HP: 39/43 MP: 9/13
  3411 | D:3      | Reached skill level 6 in Ice Magic
  3729 | D:3      | Found an opulent altar of Gozag.
  3730 | D:3      | Found a sparkling altar of Nemelex Xobeh.
  3863 | D:4      | You fall into a shaft and drop 1 floor!
  3863 | D:5      | Entered Level 5 of the Dungeon
  4171 | D:4      | Found a runed translucent door.
  4172 | D:4      | Noticed Crazy Yiuf
  4553 | D:4      | Got a fine war axe
  4554 | D:4      | Identified the +4 war axe of Plog {antimagic, rF+ Int+4}
                  | (You found it on level 4 of the Dungeon)
  5149 | D:5      | Learned a level 3 spell: Ozocubu's Armour
  5246 | D:5      | Reached skill level 5 in Spellcasting
  5396 | D:5      | Reached XP level 8. HP: 50/50 MP: 15/15
  5436 | D:5      | Noticed Edmund
  5783 | D:5      | Found a radiant altar of Vehumet.
  5828 | D:5      | Became a worshipper of Vehumet
  5857 | D:5      | Found a staircase to the Ecumenical Temple.
  5976 | D:5      | Killed Edmund
  6274 | D:5      | Found a glowing golden altar of the Shining One.
  6334 | D:6      | Noticed Maggie
  6341 | D:6      | Learned a level 4 spell: Summon Ice Beast
  6351 | D:6      | Killed Maggie
  6351 | D:6      | Reached skill level 5 in Stealth
  6351 | D:6      | Reached skill level 7 in Ice Magic
  6569 | D:6      | Noticed a nameless horror
  6935 | D:6      | Found a snail-covered altar of Cheibriados.
  7144 | D:6      | Reached * piety under Vehumet
  7144 | D:6      | Offered knowledge of Shock by Vehumet.
  7171 | D:6      | HP: 2/51 [centaur/arrow (14)]
  7474 | D:6      | Reached skill level 1 in Staves
  7491 | D:6      | Killed a nameless horror
  7491 | D:6      | Reached XP level 9. HP: 19/55 MP: 18/18
  8016 | D:7      | Found Zuoq's Book Boutique.
  8224 | D:7      | Reached skill level 8 in Ice Magic
  8249 | D:7      | Reached skill level 1 in Charms
  8716 | D:7      | Found Cyxtaf's Assorted Antiques.
  8719 | D:7      | Bought a cabochon ring for 130 gold pieces
  8719 | D:7      | Bought a scroll of identify for 52 gold pieces
  9383 | D:7      | Found a shimmering blue altar of Sif Muna.
  9407 | D:7      | Found Elyenem's Distillery.
  9414 | D:7      | Bought a potion of haste for 140 gold pieces
  9414 | D:7      | Bought a potion of heal wounds for 70 gold pieces
  9615 | D:7      | Reached skill level 1 in Summonings
 10001 | D:8      | Offered knowledge of Foxfire by Vehumet.
 10001 | D:8      | Reached XP level 10. HP: 54/63 MP: 21/21
 10001 | D:8      | Reached ** piety under Vehumet
 10708 | D:8      | Found a basalt altar of Yredelemnul.
 10783 | D:8      | Found Ylyibor's Antique Armour Emporium.
 11042 | D:9      | Reached skill level 9 in Ice Magic
 11181 | D:9      | Found a hide-covered altar of Uskayaw.
 11403 | D:9      | Offered knowledge of Inner Flame by Vehumet.
 11708 | D:9      | Found a staircase to the Lair.
 12006 | D:9      | Noticed an elephant
 12032 | D:9      | Killed an elephant
 13002 | D:10     | Entered Level 10 of the Dungeon
 13031 | D:10     | Noticed a two-headed ogre
 13609 | D:10     | Reached *** piety under Vehumet
 13609 | D:10     | Reached skill level 10 in Ice Magic
 13894 | D:10     | Killed a two-headed ogre
 14090 | D:11     | Noticed a cyclops
 14102 | D:11     | Killed a cyclops
 14102 | D:11     | Reached XP level 11. HP: 67/67 MP: 24/24
 14161 | D:11     | Noticed a red ugly thing
 14175 | D:11     | Noticed a brown ugly thing
 14176 | D:11     | Killed a red ugly thing
 14188 | D:11     | Killed a brown ugly thing
 14238 | D:11     | Noticed a manticore
 14246 | D:11     | Killed a manticore
 14570 | D:11     | Offered knowledge of Conjure Flame by Vehumet.
 14614 | D:11     | Noticed a sun demon
 14652 | D:11     | Noticed an orc knight
 14661 | D:11     | Killed an orc knight
 14661 | D:11     | Reached skill level 11 in Ice Magic
 14822 | D:11     | Noticed a deep elf mage
 14854 | D:11     | Killed a deep elf mage
 14940 | D:11     | Noticed a cyan ugly thing
 14948 | D:11     | Reached skill level 10 in Spellcasting
 14965 | D:11     | Noticed a green ugly thing
 14970 | D:11     | Killed a cyan ugly thing
 15002 | D:11     | Killed a green ugly thing
 15046 | D:11     | Reached **** piety under Vehumet
 15208 | D:11     | Offered knowledge of Iskenderun's Mystic Blast by Vehumet.
 15214 | D:11     | Noticed an eight-headed hydra
 15555 | D:11     | Killed an eight-headed hydra
 15669 | D:11     | Noticed a two-headed ogre
 15677 | D:11     | Killed a two-headed ogre
 15718 | D:11     | Noticed a green ugly thing
 15840 | D:11     | Killed a green ugly thing
 15924 | D:11     | Reached XP level 12. HP: 29/74 MP: 26/26
 16630 | D:11     | Identified the Disquisition on Helpful Calling
 16639 | D:11     | Identified the Catalogue of the Snowflakes
 16653 | D:11     | Learned a level 6 spell: Ozocubu's Refrigeration
 17388 | D:12     | Reached skill level 12 in Ice Magic
 17469 | D:12     | Reached ***** piety under Vehumet
 17469 | D:12     | Offered knowledge of Iskenderun's Battlesphere by Vehumet.
 17486 | D:12     | Found a staircase to the Orcish Mines.
 18305 | D:12     | Noticed a two-headed ogre
 18310 | D:12     | Killed a two-headed ogre
 18576 | D:13     | Noticed a tengu warrior
 18695 | D:13     | Found a portal to a secret trove of treasure.
 18695 | D:13     | Noticed a vault guard
 18712 | D:13     | Killed a vault guard
 18953 | D:13     | Killed a tengu warrior
 18958 | D:13     | Noticed a tengu warrior
 18967 | D:13     | Killed a tengu warrior
 19112 | D:13     | Noticed a vault guard
 19120 | D:13     | Killed a vault guard
 19662 | D:13     | Reached skill level 13 in Ice Magic
 19662 | D:13     | Reached XP level 13. HP: 70/79 MP: 29/29
 20752 | D:13     | Noticed a vault guard
 20759 | D:13     | Killed a vault guard
 20918 | D:13     | Found a gate to the Vaults.
 21750 | D:14     | Reached skill level 5 in Dodging
 21750 | D:14     | Reached skill level 5 in Summonings
 21980 | D:14     | Offered knowledge of Orb of Destruction by Vehumet.
 21981 | D:14     | Reached skill level 14 in Ice Magic
 22263 | D:14     | Noticed Louise
 22267 | D:14     | Killed Louise
 22474 | D:15     | Entered Level 15 of the Dungeon
 22474 | D:15     | Identified Roxanne's Collected Works on the Rocks
 22474 | D:15     | Noticed Roxanne
 22477 | D:15     | Reached XP level 14. HP: 85/85 MP: 31/31
 22636 | D:15     | Found Ilaowap's Assorted Antiques.
 22644 | D:15     | Bought a phantom mirror for 750 gold pieces
 22644 | D:15     | Bought a potion of curing for 75 gold pieces
 23281 | D:15     | Found a blossoming altar of Fedhas.
 23513 | D:15     | Found a staircase to the Depths.
 23815 | Lair:1   | Entered Level 1 of the Lair of Beasts
 23913 | Lair:1   | Learned a level 7 spell: Orb of Destruction
 24936 | Lair:2   | Found a hole to the Spider Nest.
 25416 | Lair:3   | Found a staircase to the Shoals.
 25419 | Lair:3   | Reached skill level 15 in Ice Magic
 25698 | Lair:3   | Noticed Sonja
 25700 | Lair:3   | Killed Sonja
 26323 | Lair:4   | Offered knowledge of Starburst by Vehumet.
 27228 | Lair:5   | Reached skill level 15 in Spellcasting
 27505 | Lair:5   | Reached skill level 1 in Shields
 27758 | Lair:5   | Reached XP level 15. HP: 90/90 MP: 34/34
 28020 | Lair:5   | Noticed Urug
 28024 | Lair:5   | Killed Urug
 28217 | Lair:6   | Entered Level 6 of the Lair of Beasts
 28351 | Lair:6   | Reached skill level 16 in Ice Magic
 28868 | Lair:6   | Found a viscous altar of Jiyva.
 28868 | Lair:6   | Found a staircase to the Slime Pits.
 29113 | Lair:6   | Noticed Josephine
 29117 | Lair:6   | Killed Josephine
 29341 | Lair:6   | Offered knowledge of Yara's Violent Unravelling by Vehumet.
 30372 | Lair:6   | Got an encrusted bardiche
 30690 | Orc:1    | Entered Level 1 of the Orcish Mines
 30695 | Orc:1    | Noticed an orc warlord
 30699 | Orc:1    | Killed an orc warlord
 30700 | Orc:1    | Found Vures's Assorted Antiques.
 30846 | Orc:1    | Bought a small malachite amulet for 165 gold pieces
 30852 | Orc:2    | Entered Level 2 of the Orcish Mines
 30872 | Orc:2    | Found a staircase to the Elven Halls.
 31262 | Orc:2    | Reached ****** piety under Vehumet
 31293 | Orc:2    | Offered knowledge of Bolt of Magma by Vehumet.
 31381 | Orc:2    | Reached XP level 16. HP: 95/95 MP: 30/36
 31482 | Orc:2    | Reached skill level 17 in Ice Magic
 32011 | Orc:2    | Found Tur Tuso's Antique Armour Shop.
 32011 | Orc:2    | Found Buyl's Jewellery Shop.
 32012 | Orc:2    | Found Zushekh's Distillery.
 32012 | Orc:2    | Found Oxoapn's Assorted Antiques.
 32023 | Orc:2    | Bought an uncursed ring of protection from magic for 325
                  | gold pieces
 32023 | Orc:2    | Bought an uncursed ring of poison resistance for 260 gold
                  | pieces
 32023 | Orc:2    | Bought an uncursed ring of protection from fire for 325
                  | gold pieces
 32118 | Elf:1    | Entered Level 1 of the Elven Halls
 32811 | Elf:1    | Learned a level 5 spell: Bolt of Magma
 33347 | Elf:1    | HP: 3/97 [poisoned by a +0 trident of venom]
 33348 | Elf:1    | HP: 1/97 [poisoned by a +0 trident of venom]
 33349 | Elf:1    | Succumbed to a +0 trident of venom's poison

Levels and vault maps discovered:
D:1:      lightli_arrival_chessboard, layout_loops_ring
D:2:      layout_basic, nicolae_overflow_crystal_walls, okawaru_trees_2
D:3:      layout_basic, grunt_temple_overflow_opulence,
          grunt_temple_overflow_diamond, first_ration,
          chequers_ecumenical_altar_simple, uniq_sigmund
D:4:      layout_loops_corners, uniq_crazy_yiuf_cottage
D:5:      layout_rooms, marbit_many_paths, fiery_altar_vehumet,
          lemuel_temple_firewalk_b, kennysheep_small_square, uniq_edmund
D:6:      layout_basic, kennysheep_little_box, uniq_maggie
D:7:      layout_loops_ring, tgw_sif, serial_shops, nicolae_shop_waterfront,
          kennysheep_mini, shop, chequers_serial_rivers_micro_a, grunt_livestock
D:8:      layout_rooms, yredelemnul_forgotten_temple_becter, serial_shops,
          nicolae_shop_window_shopping
D:9:      layout_cave_pools, old_standard_altar, david_lair_generic,
          serial_bayou_lagoon_b
D:10:     layout_long_grid, hangedman_decor_diamond_cutter,
          grunt_decor_one_mirror, hangedman_decor_riveting
D:11:     minmay_the_grid_3x2 [minmay_the_grid_plusring,
          minmay_the_grid_large_cup, minmay_the_grid_gridbox,
          minmay_the_grid_outer_diamond, minmay_the_grid_empty,
          minmay_the_grid_prize_trominoes], layout_basic
D:12:     layout_basic, hiddenorc1_lemuel
D:13:     layout_irregular_city, grunt_vaults_entry_tiered, enter_trove_5
D:14:     layout_basic, uniq_louise
D:15:     grunt_enter_depths_hoard, layout_layer_cave, serial_shops,
          nicolae_shop_competitors_out_of_business, minmay_misc_feat_encased,
          fedhas_altar_2, uniq_roxanne
Lair:1:   layout_long_grid
Lair:2:   layout_regular_city, nicolae_spider_entry_tight_spaces,
          infiniplex_staircase_pool, lemuel_fruit_tree, grunt_megastairs_5
Lair:3:   layout_cave_shapes, minmay_shoals_entry_beasts, uniq_sonja
Lair:4:   layout_regular_city, grunt_forest_small_clearings, grunt_megastairs_4
Lair:5:   layout_loops_ring, uniq_urug
Lair:6:   due_jungle_book, layout_gridlike, slime_altar_1,
          hangedman_lair_generics_rect, uniq_josephine
Orc:1:    layout_caves, serial_shops, shop, bloody_trog
Orc:2:    st_orc_pillars, layout_caves
Elf:1:    eino_elf_arrival_sip, layout_gridlike, minivault_28,
          minmay_fountain_box

Skill      XL: |  1  2  3  4  5  6  7  8  9 10 11 12 13 14 15 16 |
---------------+-------------------------------------------------+-----
Stealth        | 3 4 5 6 7 8 |  8.4
Spellcasting   | 3 4 5 6 7 9 10 12 13 15 16 | 16.8
Ice Magic      | 5 6 7 8 10 11 13 14 15 16 17 | 17.4
Fighting       | 1 2 3 4 |  4.6
Short Blades   | 1 2 3 |  3.9
Dodging        | 3 4 5 6 |  6.1
Staves         | 1 2 3 |  3.0
Charms         | 2 |  2.6
Summonings     | 1 3 4 5 |  5.3
Shields        | 3 4 |  4.0
Unarmed Combat | |  0.1
Conjurations   | |  0.2
Evocations     | |  0.5

Action                   |  1- 3 |  4- 6 |  7- 9 | 10-12 | 13-15 | 16-18 || total
-------------------------+-------+-------+-------+-------+-------+-------++-------
Melee: Unarmed           |    29 |     3 |       |       |       |       ||    32
       Constrict         |     9 |     9 |    29 |    28 |    16 |       ||    91
       Tentacles         |     3 |     5 |    20 |    19 |    22 |     4 ||    73
       Short sword       |       |    30 |   102 |       |    11 |    16 ||   159
       Staff             |       |       |    35 |   128 |    68 |       ||   231
       Punch             |       |       |       |     1 |       |       ||     1
 Cast: Freeze            |    37 |    21 |    62 |   164 |    21 |       ||   305
       Frozen Ramparts   |     1 |     9 |    26 |    65 |     9 |     1 ||   111
       Ozocubu's Armour  |       |       |     6 |     7 |     3 |     1 ||    17
       Summon Ice Beast  |       |       |     4 |    61 |    51 |     5 ||   121
       Ozocubu's Refrige |       |       |       |    38 |   310 |    57 ||   405
       Bolt of Magma     |       |       |       |       |       |    10 ||    10
Evoke: Wand              |       |       |       |     8 |    10 |     3 ||    21
  Use: Potion            |       |     4 |     2 |       |       |       ||     6
       Scroll            |       |       |     5 |     9 |    13 |     1 ||    28
 Stab: Sleeping          |       |     2 |    10 |       |     1 |       ||    13
       Distracted        |       |       |     1 |     4 |     2 |     1 ||     8
  Eat: Chunk             |     2 |     7 |    15 |    29 |    79 |    17 ||   149
       Ration            |       |       |     2 |     5 |     9 |       ||    16
Armor: Skin              |     4 |     7 |    13 |    14 |     7 |     1 ||    46
Dodge: Dodged            |    35 |    37 |   109 |   243 |    73 |    10 ||   507
Block: Buckler           |       |       |       |     6 |    24 |     4 ||    34

Table legend:
 A = Non-vault XP
 B = Vault XP
 C = Vault XP percentage of total XP
 D = Non-vault monster count
 E = Vault monster count
 F = Vault count percentage of total count
                 A         B        C        D         E       F
            +---------+---------+-------+---------+---------+-------
      Total |  104346 |   51087 |  32.9 |     644 |     189 |  22.7
            +---------+---------+-------+---------+---------+-------
        D:1 |      40 |       0 |   0.0 |      23 |       0 |   0.0
        D:2 |      69 |       0 |   0.0 |      13 |       0 |   0.0
        D:3 |     317 |     220 |  41.0 |      44 |       1 |   2.2
        D:4 |     193 |       0 |   0.0 |      10 |       0 |   0.0
        D:5 |     410 |     167 |  28.9 |      15 |       2 |  11.8
        D:6 |     785 |     313 |  28.5 |      36 |       1 |   2.7
        D:7 |     954 |     998 |  51.1 |      24 |       6 |  20.0
        D:8 |     703 |       1 |   0.1 |      19 |       1 |   5.0
        D:9 |    1498 |     765 |  33.8 |      33 |       4 |  10.8
       D:10 |    1686 |       0 |   0.0 |      17 |       0 |   0.0
       D:11 |    6356 |    4284 |  40.3 |      51 |      20 |  28.2
       D:12 |    3792 |     217 |   5.4 |      25 |      17 |  40.5
       D:13 |    5982 |    8114 |  57.6 |      41 |      25 |  37.9
       D:14 |   14068 |    1562 |  10.0 |      54 |       1 |   1.8
       D:15 |    6372 |       0 |   0.0 |      19 |       0 |   0.0
     Lair:1 |    2630 |       0 |   0.0 |      12 |       0 |   0.0
     Lair:2 |    4155 |    1683 |  28.8 |      18 |       6 |  25.0
     Lair:3 |    2619 |    1556 |  37.3 |      13 |       3 |  18.8
     Lair:4 |    6094 |    1125 |  15.6 |      15 |       6 |  28.6
     Lair:5 |   12078 |     839 |   6.5 |      32 |       1 |   3.0
     Lair:6 |   15964 |    9875 |  38.2 |      46 |      19 |  29.2
      Orc:1 |    2859 |       0 |   0.0 |      21 |       0 |   0.0
      Orc:2 |    3259 |   11737 |  78.3 |      41 |      64 |  61.0
      Elf:1 |   11463 |    7631 |  40.0 |      22 |      12 |  35.3
            +---------+---------+-------+---------+---------+-------
